 Dungeon Crawl Stone Soup version 0.22-a0-538-g76cc104 (webtiles) character file.

340 kae the Insei (level 6, 0/43 HPs)
             Began as a Demonspawn Transmuter on June 23, 2018.
             Slain by a worker ant (1 damage)
             ... on level 4 of the Dungeon.
             The game lasted 00:03:53 (3663 turns).

kae the Insei (Demonspawn Transmuter)               Turns: 3663, Time: 00:03:53

Health: 0/43       AC:  4    Str: 10    XL:     6   Next: 30%
Magic:  1/9        EV: 12    Int: 14    God:
Gold:   227        SH:  4    Dex: 16    Spells: 3/9 levels left

rFire    . . .     SeeInvis .     - Unarmed
rCold    . . .     Gourm    .   l - +0 buckler
rNeg     . . .     Faith    .   b - +0 robe
rPois    .         Spirit   .   (no helmet)
rElec    .         Reflect  .   f - scarf {repulsion}
rCorr    .         Harm     .   (no gloves)
MR       .....     Rnd*Tele +   (no boots)
Stlth    +.........             (no amulet)
HPRegen  0.14/turn              e - ring of teleportation (curse)
MPRegen  0.11/turn              (no ring)

@: lethally poisoned (0 -> -32), very slightly contaminated, repel missiles
A: hooves 1, yellow scales 1
a: no special abilities


You were on level 4 of the Dungeon.
You were hungry.

You visited 1 branch of the dungeon, and saw 4 of its levels.

You collected 227 gold pieces.

Inventory:

Missiles
 a - 8 arrows
Armour
 b - a +0 robe (worn)
 f - a scarf of repulsion (worn)
 l - a +0 buckler (worn)
Jewellery
 e - a cursed ring of teleportation (left hand)
Wands
 p - a wand of paralysis (1)
Scrolls
 c - a scroll of teleportation
 o - a scroll of random uselessness {unknown}
 q - a scroll of identify
Potions
 g - 2 potions of resistance
 h - a potion of invisibility
 i - 2 potions of lignification
 j - a potion of agility
 k - a potion of mutation
 m - a potion of heal wounds {unknown}
 n - a potion of cancellation {unknown}
 r - a potion of haste {unknown}
Comestibles
 d - a ration


   Skills:
 - Level 1.0 Fighting
 - Level 1.7 Dodging
 + Level 2.0 Shields
 * Level 5.2 Unarmed Combat
 - Level 2.0 Spellcasting
 + Level 3.5 Transmutations


You had 3 spell levels left.
You knew the following spells:

 Your Spells              Type           Power        Failure   Level  Hunger
a - Beastly Appendage     Tmut           ##....       7%          1    ##.....
b - Sticks to Snakes      Tmut           ##......     11%         2    ###....
c - Spider Form           Tmut/Pois      #.........   41%         3    ####...

Your spell library contained the following spells:

 Spells                   Type           Power        Failure   Level  Hunger
 Magic Dart               Conj           #...         30%         1    ##.....
 Conjure Flame            Conj/Fire      #.......     65%         3    ####...
 Slow                     Hex            #.......     41%         2    ###....
 Mephitic Cloud           Conj/Pois/Air  #.......     65%         3    ####...
 Blink                    Tloc           N/A          41%         2    ###....
 Call Imp                 Summ           #.......     41%         2    ###....
 Blade Hands              Tmut           ##........   89%         5    ######.
 Ice Form                 Ice/Tmut       #.......     82%         4    #####..


Dungeon Overview and Level Annotations

Branches:
Dungeon (4/15)
 Temple: D:4-7

Altars:


Innate Abilities, Weirdness & Mutations

You have large cloven feet.
You are partially covered in yellow scales. (AC +2)


Message History

The worker ant poisons you! The worker ant bites you!
You are more poisoned.
The worker ant poisons you!
You hit the worker ant but do no damage.
Your kick misses the worker ant.
The worker ant is heavily wounded.
You feel sick. The worker ant bites you.
You are more poisoned.
The worker ant poisons you!
You barely miss the worker ant.
The worker ant is heavily wounded.
* * * LOW HITPOINT WARNING * * *
You feel very sick. The worker ant bites you!
* * * LOW HITPOINT WARNING * * *
You hit the worker ant. Your kick misses the worker ant.
The worker ant is severely wounded.
* * * LOW HITPOINT WARNING * * *
You feel sick. The worker ant bites you.
You die...

# #.# # #.# # #.# ###
####.#######.##
#........##...###.####
#.##.###.#............
#.##.# #.##...#......#
#.##.# #.###a###...#..
#.##.###†###@# #..#
#.##.........# #.#
#.######.##### .#
#........# Z
########## #


You could see a worker ant.

Vanquished Creatures
  Eustachio (D:4)
  A scorpion (D:4)
  Ijyb (D:3)
  5 adders
  An adder skeleton (D:4)
  2 worms
  6 dart slugs
  2 leopard geckos
  7 bats
  4 giant cockroaches
  5 goblins
  6 hobgoblins
  4 ball pythons
  3 frilled lizards
  6 kobolds
  7 rats
61 creatures vanquished.

Vanquished Creatures (collateral kills)
  A gnoll (D:1)
  A leopard gecko (D:3)
2 creatures vanquished.

Grand Total: 63 creatures vanquished

Notes
Turn   | Place    | Note
-------+----------+-------------------------------------------
     0 | D:1      | kae the Demonspawn Transmuter began the quest for the Orb.
     0 | D:1      | Reached XP level 1. HP: 15/15 MP: 3/3
    60 | D:1      | Reached skill level 3 in Unarmed Combat
    79 | D:1      | Gained mutation: You are partially covered in yellow scales. (AC +2) [demonic ancestry]
    79 | D:1      | Reached XP level 2. HP: 21/21 MP: 3/5
   226 | D:1      | Learned a level 2 spell: Sticks to Snakes
   486 | D:1      | Lost mutation: You have claws for feet. [demonic ancestry]
   486 | D:1      | Lost mutation: You have razor-sharp toenails. [demonic ancestry]
   486 | D:1      | Lost mutation: You have sharp toenails. [demonic ancestry]
   486 | D:1      | Gained mutation: You have large cloven feet. [demonic ancestry]
   486 | D:1      | Reached XP level 3. HP: 23/26 MP: 4/6
   879 | D:1      | Learned a level 3 spell: Spider Form
  1437 | D:2      | Reached XP level 4. HP: 13/32 MP: 1/7
  1994 | D:2      | Reached skill level 4 in Unarmed Combat
  2512 | D:3      | Noticed Ijyb
  2962 | D:3      | Paralysed by Ijyb for 2 turns
  3090 | D:3      | Paralysed by Ijyb for 3 turns
  3093 | D:3      | Killed Ijyb
  3093 | D:3      | Reached skill level 1 in Shields
  3093 | D:3      | Reached XP level 5. HP: 33/37 MP: 5/8
  3330 | D:4      | Noticed Eustachio
  3345 | D:4      | Killed Eustachio
  3345 | D:4      | Reached skill level 5 in Unarmed Combat
  3345 | D:4      | Reached XP level 6. HP: 26/43 MP: 6/9
  3663 | D:4      | HP: 1/43 [poisoned by a worker ant]
  3663 | D:4      | Slain by a worker ant

Vault maps used:
D:1:      mrwooster_arrival_arrow
D:3:      first_ration, uniq_ijyb
D:4:      grunt_temple_overflow_gold_and_silver, uniq_eustachio

Skill      XL: |  1  2  3  4  5  6 |
---------------+-------------------+-----
Unarmed Combat | 3 4 5 |  5.2
Transmutations | 2 3 |  3.5
Shields        | 1 2 |  2.0
Fighting       | |  1.0
Dodging        | |  1.7
Spellcasting   | |  2.0

Action                   |  1- 3 |  4- 6 || total
-------------------------+-------+-------++-------
Melee: Unarmed           |   125 |   116 ||   241
       Kick              |    14 |    16 ||    30
       Headbutt          |     6 |    11 ||    17
       Punch             |     1 |       ||     1
 Cast: Beastly Appendage |    14 |    13 ||    27
       Sticks to Snakes  |     2 |     2 ||     4
       Spider Form       |     1 |     3 ||     4
  Use: Potion            |     2 |       ||     2
       Scroll            |       |     8 ||     8
 Stab: Distracted        |     1 |       ||     1
       Sleeping          |       |     2 ||     2
  Eat: Chunk             |     2 |     6 ||     8
       Ration            |       |     1 ||     1
Armor: Robe              |    34 |    21 ||    55
Dodge: Dodged            |    86 |    65 ||   151
Block: Buckler           |     4 |    12 ||    16

Table legend:
 A = Spawn XP
 B = Non-spawn XP
 C = Spawn XP percentage of total XP
 D = Spawn monster count
 E = Non-spawn monster count
 F = Spawn count percentage of total count
 G = Total turns spent on level
                    A         B        C        D         E        F      G
               +---------+---------+-------+---------+---------+-------+---------
         Total |       0 |     487 |   0.0 |       0 |      63 |   0.0 |  3663
               +---------+---------+-------+---------+---------+-------+---------
           D:1 |       0 |      46 |   0.0 |       0 |      19 |   0.0 |   968
           D:2 |       0 |      56 |   0.0 |       0 |      17 |   0.0 |  1452
           D:3 |       0 |     103 |   0.0 |       0 |      19 |   0.0 |   834
           D:4 |       0 |     282 |   0.0 |       0 |       8 |   0.0 |   409
               +---------+---------+-------+---------+---------+-------+---------
